Map: Shadowed Jungle

Players

cooldude

  • Race: Protoss Protoss
  • Spawn Location: 11:00

Polux

  • Race: Zerg Zerg
  • League: Diamond
  • Spawn Location: 1:00

Loken

  • Race: Zerg Zerg
  • League: Platinum
  • Spawn Location: 5:00

dallaskuken

  • Race: Protoss Protoss
  • League: Platinum
  • Spawn Location: 7:00

VOD

Have the link to the VOD?

Description

Time

  • Played on: April 11, 2017, 7:35 p.m.
  • Length: 15:29
Show
View Real Time Build Order
Export as new Build Order

cooldude Protoss 

Build Orders: Oracle Opening 

Get SALT Encoding   

  12  0:03  Probe (Chrono Boost)  
  13  0:13  Probe (Chrono Boost)  
  14  0:24  Pylon, Probe (Chrono Boost)  
  15  0:30  Assimilator  
  15  0:42  Probe (Chrono Boost)  
  16  0:48  Gateway  
  16  0:53  Probe (Chrono Boost)  
  17  0:58  Pylon  
  17  1:03  Probe (Chrono Boost)  
  18  1:06  Assimilator  
  18  1:14  Probe (Chrono Boost)  
  19  1:32  Probe (Chrono Boost)  
  20  1:37  Cybernetics Core  
  20  1:49  Probe (Chrono Boost)  
  21  1:59  Probe (Chrono Boost)  
  22  2:04  Pylon  
  22  2:10  Probe (Chrono Boost)  
  22  2:14  Stargate  
  23  2:21  Mothership Core (Chrono Boost)  
  25  2:30  Stalker  
  27  2:39  Probe (Chrono Boost)  
  27  2:41  Pylon  
  28  2:50  Probe (Chrono Boost)  
  28  2:52  Oracle  
  31  3:00  Stalker  
  33  3:08  Gateway  
  33  3:13  Forge  
  34  3:27  Probe (Chrono Boost)  
  34  3:30  Stalker  
  36  3:39  Warp Gate  
  36  4:00  Stalker  
  36  4:12  Stalker  
  36  4:14  Probe (Chrono Boost)  
  39  4:20  Photon Cannon  
  39  4:27  Probe (Chrono Boost)  
  39  4:30  Stalker  
  42  4:42  Stalker  
  44  4:52  Nexus  
  44  4:57  Photon Cannon  
  44  5:00  Stalker  
  46  5:20  Pylon  
  46  5:25  Pylon  
  46  5:34  Protoss Ground Weapons Level 1  
  46  5:36  Void Ray  
  50  5:53  Photon Cannon x2  
  50  6:10  Stalker x2  
  51  6:15  Gateway  
  51  6:29  Probe (Chrono Boost)  
  52  6:35  Twilight Council  
  52  6:40  Assimilator  
  52  6:44  Probe (Chrono Boost)  
  52  6:45  Probe (Chrono Boost)  
  54  6:55  Probe (Chrono Boost)  
  54  6:58  Probe (Chrono Boost)  
  56  7:02  Stalker  
  56  7:05  Probe (Chrono Boost)  
  60  7:09  Assimilator  
  60  7:10  Probe (Chrono Boost)  
  60  7:15  Photon Cannon  
  60  7:16  Probe (Chrono Boost)  
  60  7:18  Blink  
  61  7:25  Gateway  
  61  7:28  Probe (Chrono Boost)  
  61  7:29  Probe (Chrono Boost)  
  63  7:40  Protoss Ground Weapons Level 2  
  64  7:45  Probe x2 (Chrono Boost)  
  65  7:56  Pylon  
  65  7:57  Probe (Chrono Boost)  
  66  7:59  Stalker  
  66  8:04  Probe (Chrono Boost)  
  69  8:11  Gateway  
  69  8:17  Stalker  
  69  8:19  Stalker  
  73  8:26  Probe (Chrono Boost)  
  75  8:28  Probe (Chrono Boost)  
  75  8:37  Dark Shrine  
  75  8:38  Void Ray  
  79  8:48  Stalker x2  
  79  8:51  Probe (Chrono Boost)  
  84  8:55  Pylon  
  84  9:02  Pylon  
  84  9:07  Pylon  
  84  9:12  Pylon  
  84  9:35  Nexus  
  84  9:39  Pylon  
  84  9:40  Pylon  
  84  9:44  Pylon  
  84  9:56  Protoss Ground Armor Level 1  
  84  9:57  Dark Templar  
  84  9:58  Dark Templar x2  
  90  10:09  Photon Cannon  
  90  10:12  Photon Cannon  
  90  10:15  Stalker  
  92  10:28  Void Ray  
  92  10:35  Probe (Chrono Boost)  
  98  10:36  Probe (Chrono Boost)  
  98  10:40  Assimilator  
  98  10:44  Photon Cannon  
  98  10:45  Probe (Chrono Boost)  
  98  10:48  Probe (Chrono Boost)  
  100  10:57  Stalker x2  
  100  10:58  Stalker  
  106  11:21  Stalker x4  
  106  11:22  Stalker  
  116  11:33  Void Ray  
  116  11:34  Probe x2 (Chrono Boost)  
  116  11:36  Probe (Chrono Boost)  
  79  12:19  Stalker x2  
  79  12:20  Stalker  
  79  12:21  Stalker x2  
  79  12:22  Probe x2 (Chrono Boost)  
  92  12:23  Probe (Chrono Boost)  
  92  12:28  Nexus  
  80  12:54  Stalker x2  
  80  12:56  Stalker x2  
  88  13:00  Pylon  
  88  13:01  Pylon  
  88  13:03  Pylon  
  88  13:11  Void Ray  
  92  13:13  Stalker  
  94  13:24  Gateway  
  94  13:27  Gateway  
  94  13:32  Probe x2 (Chrono Boost)  
  94  13:33  Gateway  
  94  13:34  Probe (Chrono Boost)  
  97  13:35  Stalker x4  
  105  13:54  Pylon, Void Ray  
  109  13:56  Probe (Chrono Boost)  
  109  13:58  Pylon  
  109  14:00  Assimilator  
  110  14:03  Stalker  
  110  14:04  Stalker x2  
  110  14:07  Probe (Chrono Boost)  
  117  14:17  Probe (Chrono Boost)  
  117  14:20  Stalker x2  
  122  14:26  Assimilator  
  122  14:31  Assimilator  
  98  14:45  Stalker x6  
  88  14:46  Stalker x2  
  90  15:15  Stalker x2  
  90  15:16  Stalker x6  
  110  15:22  Pylon  
Show
View Real Time Build Order
Export as new Build Order

Polux Zerg 

Build Orders: Hatch First, Lurkers 

Get SALT Encoding   

  12  0:01  Drone  
  13  0:08  Drone  
  14  0:17  Overlord  
  14  0:29  Drone, Extractor  
  15  0:38  Drone  
  15  0:39  Drone  
  17  0:47  Drone  
  18  1:01  Drone  
  18  1:02  Hatchery  
  18  1:15  Spawning Pool  
  17  1:19  Extractor  
  17  1:25  Drone x2  
  18  1:33  Drone  
  19  1:48  Drone  
  19  1:49  Drone  
  21  2:00  Overlord  
  21  2:12  Zergling x2  
  21  2:15  Queen  
  24  2:16  Queen  
  24  2:18  Zergling x2  
  24  2:21  Metabolic Boost  
  27  2:30  Drone x2  
  29  2:44  Overlord  
  29  2:50  Queen  
  31  2:52  Queen  
  33  3:02  Drone x5  
  38  3:12  Spine Crawler  
  37  3:28  Extractor, Spore Crawler  
  37  3:31  Spore Crawler  
  37  3:33  Queen  
  37  3:34  Queen  
  38  3:45  Drone x3  
  41  3:49  Hatchery  
  41  3:54  Baneling Nest  
  39  4:06  Drone x3  
  42  4:28  Extractor  
  42  4:29  Drone x3, Extractor  
  42  4:30  Drone  
  44  4:32  Overlord x3  
  44  4:38  Lair  
  44  4:52  Drone x6  
  50  5:10  Evolution Chamber  
  49  5:15  Evolution Chamber  
  49  5:18  Drone x4  
  49  5:20  Roach Warren  
  51  5:54  Zerg Ground Armor Level 1, Zerg Missile Weapons Level 1  
  51  5:59  Glial Reconstitution  
  51  6:01  Roach x6, Hydralisk Den  
  62  6:05  Overlord  
  62  6:17  Drone  
  62  6:18  Drone x5  
  68  6:37  Pneumatized Carapace, Muscular Augments  
  68  6:44  Overlord  
  68  6:45  Overlord  
  68  6:58  Hatchery  
  67  7:03  Hydralisk x4  
  75  7:22  Extractor  
  74  7:23  Extractor  
  74  7:24  Drone  
  74  7:25  Drone x6  
  74  7:26  Drone x4  
  74  7:28  Drone  
  85  7:55  Hydralisk  
  85  7:56  Hydralisk x5  
  97  8:09  Overlord x4  
  97  8:10  Overlord  
  97  8:34  Zerg Missile Weapons Level 2, Zerg Ground Armor Level 2  
  97  8:35  Lurker Den  
  97  8:42  Hydralisk x3  
  97  8:43  Hydralisk x3  
  109  8:49  Drone x2  
  109  8:50  Drone x3  
  109  8:52  Drone  
  115  9:08  Drone x7  
  115  9:09  Drone x3  
  125  9:12  Unknown x2, Overlord  
  125  9:14  Overlord  
  125  9:16  Overlord  
  125  9:19  Overseer  
  125  9:35  Hydralisk x2  
  125  9:36  Roach x2, Hydralisk x2  
  125  9:37  Roach x2  
  140  9:39  Roach  
  140  9:42  Hydralisk x2  
  146  10:01  Lurker  
  146  10:02  Lurker x7  
  146  10:03  Lurker x2  
  156  10:15  Overlord x4  
  156  10:16  Overlord x3  
  156  10:18  Overseer x3  
  156  10:19  Overseer  
  156  10:44  Hydralisk x2  
  156  10:45  Roach x5, Hydralisk x6  
  156  10:46  Roach x4  
  190  10:59  Unknown  
  190  11:09  Unknown  
  190  11:31  Roach x2, Hydralisk x2  
  198  11:33  Overlord x5  
  198  11:34  Overlord  
  137  12:10  Roach x2, Hydralisk x6  
  137  12:11  Roach x6, Hydralisk x4  
  137  12:12  Roach x2  
  167  13:11  Hydralisk  
  167  13:12  Roach x3, Hydralisk x5  
  181  13:13  Roach x3  
  180  14:08  Roach x2, Hydralisk x5  
  180  14:09  Roach x3  
Show
View Real Time Build Order
Export as new Build Order

Loken Zerg 

Build Orders: Hatch First 

Get SALT Encoding   

  12  0:01  Drone  
  13  0:08  Drone  
  14  0:18  Overlord  
  14  0:37  Drone  
  14  0:38  Drone x2  
  17  0:58  Hatchery, Drone  
  17  1:12  Spawning Pool  
  17  1:15  Drone  
  17  1:19  Drone  
  17  1:23  Extractor  
  17  1:25  Drone  
  18  1:43  Overlord  
  18  2:00  Queen, Zergling x4  
  22  2:08  Zergling x2  
  23  2:11  Roach Warren  
  23  2:15  Queen  
  24  2:29  Metabolic Boost  
  24  2:33  Drone x3  
  27  2:54  Drone x5  
  32  3:04  Drone  
  33  3:19  Drone x3  
  36  3:20  Overlord  
  36  3:21  Overlord  
  36  3:27  Spine Crawler  
  35  3:29  Spine Crawler  
  34  3:47  Drone  
  34  3:48  Drone x5  
  40  3:54  Spore Crawler  
  39  3:57  Extractor  
  39  3:58  Lair  
  37  4:06  Drone  
  37  4:07  Drone x3  
  41  4:17  Queen  
  41  4:21  Spore Crawler  
  42  4:31  Drone, Extractor  
  42  4:32  Drone x6  
  42  4:33  Extractor  
  47  4:43  Overlord x2  
  47  4:50  Drone x3  
  50  4:56  Hydralisk Den  
  49  5:07  Drone  
  49  5:08  Drone x4  
  54  5:16  Spine Crawler  
  54  5:18  Spine Crawler  
  52  5:28  Muscular Augments  
  52  5:35  Hydralisk  
  52  5:36  Hydralisk x5  
  64  5:46  Hydralisk x2  
  68  5:50  Overlord  
  68  5:51  Overlord  
  68  6:04  Hatchery  
  67  6:12  Hydralisk x4  
  75  6:37  Hydralisk  
  75  6:38  Hydralisk x3  
  83  6:50  Evolution Chamber  
  83  6:51  Evolution Chamber  
  83  6:53  Evolution Chamber, Hydralisk x2  
  84  7:16  Hydralisk x3  
  90  7:23  Zerg Missile Weapons Level 1  
  90  7:24  Zerg Ground Armor Level 1  
  90  7:28  Overlord x2  
  90  7:29  Overlord  
  91  7:51  Drone x3  
  91  7:52  Drone x11  
  104  8:00  Zerg Melee Weapons Level 1  
  104  8:05  Infestation Pit  
  103  8:26  Extractor  
  102  8:27  Drone  
  102  8:28  Drone x5  
  102  8:29  Extractor  
  102  8:32  Overlord x4  
  107  8:38  Overseer x2  
  107  8:49  Hydralisk x3  
  107  8:50  Hydralisk x6  
  125  9:08  Hydralisk  
  125  9:09  Hydralisk x9  
  137  9:15  Hive  
  145  9:28  Zerg Missile Weapons Level 2  
  145  9:41  Pneumatized Carapace  
  145  10:05  Drone  
  146  10:11  Overlord x4  
  146  10:12  Overlord  
  146  10:17  Spire  
  146  10:19  Zerg Ground Armor Level 2  
  145  10:21  Zerg Melee Weapons Level 2  
  145  10:27  Adrenal Glands  
  145  11:03  Hydralisk  
  145  11:04  Hydralisk x15  
  147  11:07  Overlord x7  
  136  11:59  Overseer x3  
  88  12:05  Hydralisk x10  
  88  12:06  Hydralisk x6  
  46  12:59  Hydralisk x6  
  46  13:00  Hydralisk x6  
Show
View Real Time Build Order
Export as new Build Order

dallaskuken Protoss 

Build Orders: Oracle Opening 

Get SALT Encoding   

  12  0:01  Probe (Chrono Boost)  
  13  0:11  Probe (Chrono Boost)  
  14  0:18  Pylon  
  14  0:24  Probe (Chrono Boost)  
  15  0:36  Assimilator, Probe (Chrono Boost)  
  16  0:47  Probe (Chrono Boost)  
  16  0:49  Gateway  
  17  0:58  Probe (Chrono Boost)  
  18  1:10  Probe (Chrono Boost)  
  19  1:20  Assimilator  
  19  1:21  Probe (Chrono Boost)  
  20  1:32  Probe (Chrono Boost)  
  21  1:38  Cybernetics Core  
  21  1:43  Probe (Chrono Boost)  
  22  1:52  Pylon  
  22  1:53  Probe (Chrono Boost)  
  23  2:05  Warp Gate  
  23  2:09  Gateway  
  23  2:10  Probe (Chrono Boost)  
  24  2:19  Stargate  
  24  2:27  Pylon  
  24  2:31  Stalker  
  26  2:40  Probe (Chrono Boost)  
  27  2:46  Pylon  
  29  2:54  Mothership Core (Chrono Boost)  
  29  2:57  Stalker  
  31  3:05  Oracle  
  34  3:31  Stalker x2  
  38  3:47  Pylon  
  35  3:48  Pylon  
  35  3:49  Probe (Chrono Boost)  
  35  4:06  Void Ray  
  36  4:15  Probe (Chrono Boost)  
  37  4:17  Gateway  
  37  4:28  Probe (Chrono Boost)  
  38  4:33  Stalker  
  35  4:49  Probe (Chrono Boost)  
  37  5:01  Probe (Chrono Boost)  
  37  5:11  Void Ray  
  37  5:13  Probe (Chrono Boost)  
  42  5:25  Probe (Chrono Boost)  
  43  5:31  Stalker x2  
  47  5:58  Nexus  
  44  6:11  Probe (Chrono Boost)  
  44  6:24  Probe (Chrono Boost)  
  45  6:31  Pylon  
  45  6:36  Probe (Chrono Boost)  
  47  6:48  Forge, Probe (Chrono Boost)  
  47  6:55  Assimilator  
  47  7:00  Probe (Chrono Boost)  
  48  7:09  Assimilator  
  48  7:12  Probe x2 (Chrono Boost)  
  50  7:22  Probe (Chrono Boost)  
  52  7:23  Protoss Ground Weapons Level 1  
  52  7:24  Probe (Chrono Boost)  
  52  7:33  Probe (Chrono Boost)  
  52  7:36  Probe (Chrono Boost)  
  54  7:43  Probe (Chrono Boost)  
  55  7:48  Probe (Chrono Boost)  
  55  7:50  Gateway  
  56  7:52  Pylon  
  56  7:54  Probe (Chrono Boost)  
  56  7:56  Stalker  
  59  8:00  Probe (Chrono Boost)  
  59  8:04  Probe (Chrono Boost)  
  61  8:11  Photon Cannon  
  61  8:15  Probe (Chrono Boost)  
  63  8:20  Probe (Chrono Boost)  
  63  8:25  Probe (Chrono Boost)  
  64  8:36  Probe (Chrono Boost)  
  64  8:40  Nexus  
  65  8:45  Stalker  
  65  8:47  Twilight Council, Probe (Chrono Boost)  
  68  8:57  Probe (Chrono Boost), Void Ray  
  73  9:06  Pylon  
  73  9:08  Probe (Chrono Boost)  
  74  9:14  Protoss Ground Armor Level 1  
  74  9:18  Probe (Chrono Boost)  
  74  9:19  Stalker x2  
  74  9:20  Stalker  
  81  9:29  Probe (Chrono Boost)  
  82  9:33  Blink  
  82  9:48  Probe (Chrono Boost)  
  83  9:54  Sentry x4  
  83  9:59  Probe (Chrono Boost)  
  92  10:09  Probe (Chrono Boost)  
  93  10:17  Pylon  
  93  10:20  Probe (Chrono Boost)  
  94  10:21  Pylon  
  94  10:25  Probe (Chrono Boost)  
  94  10:26  Photon Cannon  
  94  10:28  Assimilator  
  95  10:30  Photon Cannon  
  95  10:31  Probe (Chrono Boost)  
  95  10:32  Assimilator  
  95  10:33  Stalker x2  
  100  10:36  Probe (Chrono Boost)  
  100  10:39  Sentry x2  
  100  10:41  Probe (Chrono Boost)  
  106  10:43  Void Ray  
  106  10:46  Probe (Chrono Boost)  
  112  10:57  Probe (Chrono Boost)  
  112  10:58  Protoss Shields Level 1  
  112  11:07  Probe (Chrono Boost)  
  112  11:08  Fleet Beacon  
  112  11:09  Stalker x3  
  112  11:10  Stalker  
  121  11:41  Stalker x2  
  121  11:42  Stalker x2, Templar Archives  
  69  12:14  Stalker x4  
  63  12:31  Psionic Storm  
  63  12:38  High Templar  
  63  12:39  High Templar  
  63  12:41  Carrier  
  73  12:44  Stalker  
  73  12:45  Stalker  
  60  13:14  Stalker x2  
  60  13:15  Stalker x2  
  68  13:39  High Templar x2  
  68  13:41  Sentry x2  
  76  14:01  Gateway  
  76  14:04  Stalker x2  
  76  14:06  Gateway  
  76  14:09  Gateway  
  80  14:25  High Templar x2  
  44  14:59  Stalker x4  
  41  15:10  Sentry  
  41  15:11  Sentry  
Tags
 
Add a new tag
Caveats
  • Supply blocks, unpowered buildings, or Contaminate may cause inaccurate times.
  • Supply counts are checked every 10 seconds.